 Dungeon Crawl Stone Soup version 0.18.1-48-g4cf74bf (webtiles) character file.

87 Gargoyl the Skirmisher (level 4, -4/37 HPs)
             Began as a Demonspawn Abyssal Knight on July 12, 2016.
             Was a Believer of Lugonu.
             Slain by a black bear (11 damage)
             ... on level 2 of the Dungeon.
             The game lasted 00:03:40 (2482 turns).

Gargoyl the Skirmisher (Demonspawn Abyssal Knight)  Turns: 2482, Time: 00:03:41

Health: -4/37      AC:  6    Str: 12 (13) XL:     4   Next: 28%
Magic:  5/5        EV: 10    Int: 17 (18) God:    Lugonu [**....]
Gold:   41         SH:  0    Dex: 12 (13) Spells: 0 memorised, 3 levels left

rFire  . . .     SeeInvis .     g - +0 war axe
rCold  . . .     Gourm    .     e - +0 ring mail
rNeg   . . .     Faith    .     (no shield)
rPois  .         Spirit   .     i - +0 helmet (curse)
rElec  .         Dismiss  .     (no cloak)
rCorr  .         Reflect  .     (no gloves)
SustAt .         Harm     .     (no boots)
MR     .....                    (no amulet)
Stlth  ++........               (no ring)
                                (no ring)

@: brilliant, not resistant to hostile enchantments, unstealthy
A: talons 1, nightstalker 1
a: Depart the Abyss, Bend Space, Renounce Religion


You were on level 2 of the Dungeon.
You worshipped Lugonu.
Lugonu was pleased with you.
You were not hungry.

You visited 1 branch of the dungeon, and saw 3 of its levels.
You visited the Abyss 1 time.

You collected 41 gold pieces.

Inventory:

Hand Weapons
 a - a +1 hand axe
 g - a +0 war axe (weapon)
Missiles
 d - 2 tomahawks (quivered)
Armour
 e - a +0 ring mail (worn)
 i - a cursed +0 helmet (worn)
Scrolls
 b - a scroll of remove curse {unknown}
 f - a scroll of teleportation {unknown}
 j - a scroll of amnesia {unknown}


   Skills:
 + Level 3.8 Fighting
 + Level 1.9 Axes
 * Level 2.9 Armour
 + Level 1.8 Dodging
 + Level 0.2 Stealth
 + Level 2.5 Invocations


You had 3 spell levels left.
You didn't know any spells.

Dungeon Overview and Level Annotations

Branches:
Dungeon (3/15)

Altars:


Innate Abilities, Weirdness & Mutations

You have sharp toenails.
You are slightly more attuned to the shadows.


Message History

You barely miss the black bear.
You claw the black bear, but do no damage.
The black bear is almost dead.
The black bear bites you but does no damage.
The black bear claws you. The black bear closely misses you.
The black bear goes berserk!
You hit the black bear.
You claw the black bear, but do no damage.
The black bear is almost dead.
The black bear bites you.
* * * LOW HITPOINT WARNING * * *
The black bear claws you but does no damage.
The black bear misses you. The black bear closely misses you.
The black bear barely misses you. The black bear claws you.
* * * LOW HITPOINT WARNING * * *
You barely miss the black bear.
You claw the black bear, but do no damage.
The black bear is almost dead.
The black bear bites you!
You die...

)#.# #.### ###...##### #. .#.#
#...# #...# ######. ##.###
###.# #...# #...##. .....#
###.##### #...# #.#..). .....#
#.......###...####...##.
.....##
#.#.#................###
......####..................#.#
#
.................h............#
......####......@###...########
.....## #.....#.###...# ######
#......>..#...# #
#.#.#####.#...# #
#########.#.#####.#...# #
#.......#.#.##........# #
##.......#.#.##.##.##### #
.#.#####.#.#.##)##.##.## #
.#.##......#.......#.#.## #


You could see a black bear (berserk).

Vanquished Creatures
  3 gnolls (D:2)
  An adder (D:2)
  A dart slug (D:1)
  2 giant geckos (D:2)
  2 giant cockroaches (D:1)
  2 goblins (D:2)
  5 hobgoblins
  13 kobolds
  A quokka (D:1)
  A ball python (D:1)
  A ball python zombie (D:1)
  7 bats
  A giant gecko zombie (D:1)
  2 giant newts
  5 rats
47 creatures vanquished.

Notes
Turn   | Place    | Note
--------------------------------------------------------------
     0 | Abyss:1  | Gargoyl the Demonspawn Abyssal Knight began the quest for the Orb.
     0 | Abyss:1  | Reached XP level 1. HP: 18/18 MP: 2/2
    84 | Abyss:1  | Noticed a small abomination
    91 | D:1      | Escaped the Abyss
   369 | D:1      | Reached * piety under Lugonu
   369 | D:1      | Reached skill level 1 in Dodging
   577 | D:1      | Gained mutation: You have sharp toenails. [demonic ancestry]
   577 | D:1      | Reached XP level 2. HP: 24/24 MP: 3/3
  1561 | D:2      | Reached XP level 3. HP: 29/29 MP: 4/4
  1756 | D:2      | Reached ** piety under Lugonu
  2064 | D:2      | Gained mutation: You are slightly more attuned to the shadows. [demonic ancestry]
  2064 | D:2      | Reached XP level 4. HP: 22/37 MP: 5/5
  2466 | D:3      | Noticed a black bear
  2482 | D:2      | Slain by a black bear

Skill      XL: |  1 |
---------------+----+-----
Armour         | 2 |  2.9
Dodging        | 1 |  1.8
Fighting       | |  3.8
Axes           | |  1.9
Stealth        | |  0.2
Invocations    | |  2.5

Action                   |  1- 3 |  4- 6 || total
-------------------------+-------+-------++-------
Melee: Hand axe          |   145 |    15 ||   160
       Kick              |    21 |     7 ||    28
       War axe           |       |     8 ||     8
Invok: Depart the Abyss  |     1 |       ||     1
  Use: Potion            |     3 |     1 ||     4
 Stab: Sleeping          |       |     1 ||     1
  Eat: Bread ration      |     1 |       ||     1
       Chunk             |       |     1 ||     1
Armor: Leather armour    |     5 |       ||     5
       Ring mail         |    39 |    20 ||    59
       Skin              |    17 |       ||    17
Dodge: Dodged            |    82 |    23 ||   105
